[Event "GambitGuide"]
[Site "Internet Chess Club"]
[Date "2014.10.30"]
[Round "1"]
[White "JSBach"]
[Black "CrazyoPenings"]
[Result "0-1"]
[ICCResult "White checkmated"]
[WhiteElo "1647"]
[BlackElo "2490"]
[Opening "Vienna: `Frankenstein-Dracula' variation"]
[ECO "C27"]
[NIC "VG.02"]
[Time "21:58:36"]
[TimeControl "120+12"]

1. e4 e5 2. Nc3 Nf6 3. Bc4 Nxe4 4. Qh5 Nd6 5. Bb3 Nc6 6. Nb5 g6 7. Qf3 f5 8.
Qd5 Qe7 9. Nxc7+ Kd8 10. Nxa8 b6 11. Ba4 Bb7 12. Nxb6 axb6 13. Qb3 b5 14.
Nf3 bxa4 15. Qxa4 e4 16. Nd4 Nxd4 17. Qxd4 Bg7 18. Qc5 f4 19. O-O f3 20.
gxf3 exf3 21. d4 Qe6 22. Bg5+ Bf6 23. Bxf6+ Qxf6 24. Rae1 Nf5 25. Qa5+ Kc8
26. Qc5+ Bc6 27. Kh1 Nxd4 28. c3 Ne2 29. Qb6 Qg5 30. Qa6+ Kc7 31. Qa7+ Bb7
32. Qxb7+ Kxb7 33. Rg1 Nxg1 34. Rxg1 Qh4 35. Rg3 Rf8 36. b3 Qe4 37. Rg1 Qe2
38. c4 Qxf2 39. b4 Rf4 40. a4 Rh4 41. h3 Rxh3# {White checkmated} 0-1

[Event "GambitGuide"]
[Site "Internet Chess Club"]
[Date "2014.10.30"]
[Round "1"]
[White "JSBach"]
[Black "nowornever"]
[Result "1-0"]
[ICCResult "Black resigns"]
[WhiteElo "1647"]
[BlackElo "2056"]
[Opening "Vienna: `Frankenstein-Dracula' variation"]
[ECO "C27"]
[NIC "VG.02"]
[Time "21:58:31"]
[TimeControl "120+12"]

1. e4 e5 2. Nc3 Nf6 3. Bc4 Nxe4 4. Qh5 Nd6 5. Bb3 Nc6 6. Nb5 g6 7. Qf3 f5 8.
Qd5 Qe7 9. Nxc7+ Kd8 10. Nxa8 b6 11. Ba4 Bb7 12. Nxb6 axb6 13. Qb3 Bg7 14.
Qxb6+ Kc8 15. Nf3 e4 16. Ng1 Nc4 17. Qb5 Qe6 18. Ne2 Kc7 19. Nf4 Qf7 20.
Nd5+ Kd6 21. Nf4 Rb8 22. Bb3 Nd4 23. Bxc4 Bd5 24. Qxb8+ Ke7 25. Nxd5+
{Black resigns}
1-0

[Event "GambitGuide"]
[Site "Internet Chess Club"]
[Date "2014.10.30"]
[Round "1"]
[White "JSBach"]
[Black "nowornever"]
[Result "1-0"]
[ICCResult "Black resigns"]
[WhiteElo "1647"]
[BlackElo "2056"]
[Opening "Vienna: `Frankenstein-Dracula' variation"]
[ECO "C27"]
[NIC "VG.02"]
[Time "22:01:10"]
[TimeControl "120+12"]

1. e4 e5 2. Nc3 Nf6 3. Bc4 Nxe4 4. Qh5 Nd6 5. Bb3 Nc6 6. Nb5 g6 7. Qf3 f5 8.
Qd5 Qe7 9. Nxc7+ Kd8 10. Nxa8 b6 11. Ba4 Bb7 12. Nxb6 axb6 13. Qb3 Kc7 14.
Ne2 Bg7 15. Nc3 Nd4 16. Nd5+ Bxd5 17. Qxd5 Nxc2+ 18. Bxc2 e4 19. a3
{Black resigns}
1-0

[Event "GambitGuide"]
[Site "Internet Chess Club"]
[Date "2014.10.30"]
[Round "1"]
[White "JSBach"]
[Black "CrazyoPenings"]
[Result "0-1"]
[ICCResult "White checkmated"]
[WhiteElo "1647"]
[BlackElo "2490"]
[Opening "Vienna: `Frankenstein-Dracula' variation"]
[ECO "C27"]
[NIC "VG.02"]
[Time "22:01:53"]
[TimeControl "120+12"]

1. e4 e5 2. Nc3 Nf6 3. Bc4 Nxe4 4. Qh5 Nd6 5. Bb3 Nc6 6. Nb5 g6 7. Qf3 f5 8.
Qd5 Qe7 9. Nxc7+ Kd8 10. Nxa8 b6 11. Ba4 Bb7 12. Nxb6 axb6 13. Qb3 b5 14.
Nf3 bxa4 15. Qxa4 e4 16. Nd4 Nxd4 17. Qxd4 Bg7 18. Qc5 f4 19. a4 h5 20. c4
h4 21. Qb6+ Kc8 22. c5 Nf5 23. a5 e3 24. fxe3 fxe3 25. dxe3 Nxe3 26. Bxe3
Qxe3+ 27. Kd1 Qd3+ 28. Ke1 Re8+ 29. Qe6 Rxe6+ 30. Kf2 Bd4# {White
checkmated} 0-1

[Event "GambitGuide"]
[Site "Internet Chess Club"]
[Date "2014.10.30"]
[Round "1"]
[White "JSBach"]
[Black "CrazyoPenings"]
[Result "0-1"]
[ICCResult "White checkmated"]
[WhiteElo "1647"]
[BlackElo "2490"]
[Opening "Vienna: `Frankenstein-Dracula' variation"]
[ECO "C27"]
[NIC "VG.02"]
[Time "22:02:54"]
[TimeControl "120+12"]

1. e4 e5 2. Nc3 Nf6 3. Bc4 Nxe4 4. Qh5 Nd6 5. Bb3 Nc6 6. Nb5 g6 7. Qf3 f5 8.
Qd5 Qe7 9. Nxc7+ Kd8 10. Nxa8 b6 11. Ba4 Bb7 12. Nxb6 axb6 13. Qb3 b5 14.
Nf3 bxa4 15. Qxa4 e4 16. Nd4 Nxd4 17. Qxd4 Bg7 18. Qc5 f4 19. O-O f3 20.
Qa5+ Kc8 21. gxf3 exf3 22. a4 Be5 23. Qc5+ Kb8 24. d4 Bxh2+ 25. Kxh2 Qh4+
26. Kg1 Qg4+ 27. Kh1 Qg2# {White checkmated} 0-1

[Event "GambitGuide"]
[Site "Internet Chess Club"]
[Date "2014.10.30"]
[Round "1"]
[White "JSBach"]
[Black "GSartoris"]
[Result "0-1"]
[ICCResult "White checkmated"]
[WhiteElo "1647"]
[BlackElo "1486"]
[Opening "Vienna: `Frankenstein-Dracula' variation"]
[ECO "C27"]
[NIC "VG.02"]
[Time "22:00:33"]
[TimeControl "120+12"]

1. e4 e5 2. Nc3 Nf6 3. Bc4 Nxe4 4. Qh5 Nd6 5. Bb3 Nc6 6. Nb5 g6 7. Qf3 f5 8.
Qd5 Qe7 9. Nxc7+ Kd8 10. Nxa8 b6 11. Ba4 Nd4 12. f4 Bg7 13. fxe5 Bxe5 14. g4
fxg4 15. c3 Bg3+ 16. Kf1 Rf8+ 17. Kg2 Ne4 18. Qxd4 Bb7 19. hxg3 Bxa8 20. Bc6
Bxc6 21. Nf3 Ng5 22. Rf1 Qe2+ 23. Rf2 Bxf3+ 24. Kh2 Qe1 25. Rg2 Bxg2 26.
Kxg2 Qf1+ 27. Kh2 Qh3+ 28. Kg1 Rf1# {White checkmated} 0-1

[Event "GambitGuide"]
[Site "Internet Chess Club"]
[Date "2014.10.30"]
[Round "1"]
[White "JSBach"]
[Black "Arjuna"]
[Result "1-0"]
[ICCResult "Black resigns"]
[WhiteElo "1647"]
[BlackElo "1508"]
[Opening "Vienna: `Frankenstein-Dracula' variation"]
[ECO "C27"]
[NIC "VG.02"]
[Time "22:03:53"]
[TimeControl "120+12"]

1. e4 e5 2. Nc3 Nf6 3. Bc4 Nxe4 4. Qh5 Nd6 5. Bb3 Nc6 6. Nb5 g6 7. Qf3 f5 8.
Qd5 Qe7 9. Nxc7+ Kd8 10. Nxa8 b6 11. Ba4 Bb7 12. Nxb6 axb6 13. Qb3 Kc7 14.
Ne2 Bg7 15. Nc3 Rb8 16. Nd5+ {Black resigns} 1-0

[Event "GambitGuide"]
[Site "Internet Chess Club"]
[Date "2014.10.30"]
[Round "1"]
[White "JSBach"]
[Black "HermanSteiner"]
[Result "0-1"]
[ICCResult "White checkmated"]
[WhiteElo "1647"]
[BlackElo "2000"]
[Opening "Vienna: `Frankenstein-Dracula' variation"]
[ECO "C27"]
[NIC "VG.02"]
[Time "22:00:23"]
[TimeControl "120+12"]

1. e4 e5 2. Nc3 Nf6 3. Bc4 Nxe4 4. Qh5 Nd6 5. Bb3 Nc6 6. Nb5 g6 7. Qf3 f5 8.
Qd5 Qe7 9. Nxc7+ Kd8 10. Nxa8 b6 11. Ba4 Bb7 12. Nxb6 axb6 13. Qb3 Kc7 14.
Ne2 Bg7 15. Nc3 Nd4 16. Nd5+ Bxd5 17. Qxd5 e4 18. Rb1 f4 19. Rf1 Rf8 20. c3
Nf3+ 21. Kd1 Nxh2 22. Rh1 Qh4 23. Kc2 g5 24. c4 Rf5 25. Qg8 Bd4 26. g3 fxg3
27. fxg3 Qxg3 28. Kd1 Qf3+ 29. Kc2 Qxh1 30. Qxh7 Rf7 31. Qh5 Qf3 32. Qxf3
exf3 33. c5 bxc5 34. d3 f2 35. Bd2 f1=Q 36. Rxf1 Nxf1 37. Bxg5 Rf2+ 38. Kd1
Rxb2 39. a3 Nf5 40. Kc1 N5e3 41. Bf4+ d6 42. Bd1 Nxd1 43. Kxd1 Ne3+ 44. Kc1
Nd5 45. Bd2 Nc3 46. Kxb2 Ne4+ 47. Kc2 Nxd2 48. Kxd2 Kb6 49. Ke2 Ka5 50. Kf3
Ka4 51. Kg4 Kxa3 52. Kf3 Kb3 53. Kf4 Kc3 54. Ke4 Be5 55. Ke3 d5 56. Kf3 Kxd3
57. Kg4 c4 58. Kf5 Bh2 59. Kg4 c3 60. Kh3 c2 61. Kxh2 c1=Q 62. Kg2 Qf4 63.
Kh3 Ke3 64. Kg2 Qg4+ 65. Kf1 Qf3+ 66. Kg1 Qg3+ 67. Kh1 Qf3+ 68. Kh2 d4 69.
Kg1 d3 70. Kh2 d2 71. Kg1 d1=Q+ 72. Kh2 Qdh1# {White checkmated} 0-1

[Event "GambitGuide"]
[Site "Internet Chess Club"]
[Date "2014.10.30"]
[Round "1"]
[White "JSBach"]
[Black "nowornever"]
[Result "1-0"]
[ICCResult "Black checkmated"]
[WhiteElo "1647"]
[BlackElo "2056"]
[Opening "Vienna: `Frankenstein-Dracula' variation"]
[ECO "C27"]
[NIC "VG.02"]
[Time "22:02:04"]
[TimeControl "120+12"]

1. e4 e5 2. Nc3 Nf6 3. Bc4 Nxe4 4. Qh5 Nd6 5. Bb3 Nc6 6. Nb5 g6 7. Qf3 f5 8.
Qd5 Qe7 9. Nxc7+ Kd8 10. Nxa8 b6 11. Ba4 Bb7 12. Nxb6 axb6 13. Qb3 Kc7 14.
Ne2 Bg7 15. Qf3 Nd4 16. Qc3+ Nc6 17. Qd3 e4 18. Qb3 Ra8 19. Nc3 Nd4 20. Qb4
Bc6 21. Rb1 Bxa4 22. Nd5+ Kd8 23. Qxb6+ Ke8 24. Nxe7 Nxc2+ 25. Ke2 Kxe7 26.
d3 Nd4+ 27. Kf1 Bb5 28. Bg5+ Ke6 29. Ra1 exd3 30. Re1+ Ne2 31. Qe3+ Ne4 32.
Qb6+ Nd6 33. Qe3+ Ne4 34. Qb6+ Nd6 35. Qe3+ Ne4 36. Qb6+ Bc6 37. Qb3+ d5 38.
Qxd3 Rxa2 39. Bh4 Rxb2 40. Qa3 Nd2+ 41. Kxe2 Nc4+ 42. Kd3+ Be5 43. Qe7#
{Black checkmated}
1-0

[Event "GambitGuide"]
[Site "Internet Chess Club"]
[Date "2014.10.30"]
[Round "1"]
[White "JSBach"]
[Black "losscause"]
[Result "1-0"]
[ICCResult "Black resigns"]
[WhiteElo "1647"]
[BlackElo "1290"]
[Opening "Vienna: `Frankenstein-Dracula' variation"]
[ECO "C27"]
[NIC "VG.02"]
[Time "22:05:03"]
[TimeControl "120+12"]

1. e4 e5 2. Nc3 Nf6 3. Bc4 Nxe4 4. Qh5 Nd6 5. Bb3 Nc6 6. Nb5 g6 7. Qf3 f5 8.
Qd5 Qe7 9. Nxc7+ Kd8 10. Nxa8 b6 11. Ba4 Bb7 12. Nxb6 axb6 13. Qb3 Kc7 14.
Ne2 Ba6 15. Nc3 Bg7 16. Nd5+ Kd8 17. Qxb6+ Ke8 18. Nxe7 Kxe7 19. Qxa6 Rb8
20. Bxc6 dxc6 21. Qxc6 Ke6 22. c3 {Black resigns} 1-0

[Event "GambitGuide"]
[Site "Internet Chess Club"]
[Date "2014.10.30"]
[Round "1"]
[White "JSBach"]
[Black "AceKings"]
[Result "1-0"]
[ICCResult "Black resigns"]
[WhiteElo "1647"]
[BlackElo "1553"]
[Opening "Vienna: `Frankenstein-Dracula' variation"]
[ECO "C27"]
[NIC "VG.02"]
[Time "22:04:57"]
[TimeControl "120+12"]

1. e4 e5 2. Nc3 Nf6 3. Bc4 Nxe4 4. Qh5 Nd6 5. Bb3 Nc6 6. Nb5 g6 7. Qf3 f5 8.
Qd5 Qe7 9. Nxc7+ Kd8 10. Nxa8 b6 11. Ba4 Bb7 12. Nxb6 axb6 13. Qb3 Kc7 14.
Ne2 Nd4 15. Nxd4 exd4+ 16. Kf1 Ba6+ 17. d3 b5 18. Bf4 bxa4 19. Qxa4 Bb7 20.
Qxd4 Bg7 21. Bxd6+ Qxd6 22. Qxg7 Re8 23. Qc3+ Kd8 24. Qa5+ Ke7 25. Re1+ Kf7
26. f3 Ra8 27. Qb5 Bc6 28. Qb3+ Bd5 29. c4 Bc6 30. c5+ Qd5 31. Qxd5+ Bxd5
32. a3 Rc8 33. b4 d6 34. cxd6 Rc2 35. d7 {Black resigns} 1-0

[Event "GambitGuide"]
[Site "Internet Chess Club"]
[Date "2014.10.30"]
[Round "1"]
[White "JSBach"]
[Black "losscause"]
[Result "1-0"]
[ICCResult "Black resigns"]
[WhiteElo "1647"]
[BlackElo "1290"]
[Opening "Vienna: `Frankenstein-Dracula' variation"]
[ECO "C27"]
[NIC "VG.02"]
[Time "22:06:19"]
[TimeControl "120+12"]

1. e4 e5 2. Nc3 Nf6 3. Bc4 Nxe4 4. Qh5 Nd6 5. Bb3 Nc6 6. Nb5 g6 7. Qf3 f5 8.
Qd5 Qe7 9. Nxc7+ Kd8 10. Nxa8 b6 11. Ba4 Nb7 12. Bxc6 Qd6 13. Bxb7 Qxd5 14.
Bxd5 {Black resigns} 1-0

[Event "GambitGuide"]
[Site "Internet Chess Club"]
[Date "2014.10.30"]
[Round "1"]
[White "JSBach"]
[Black "nizmo"]
[Result "1-0"]
[ICCResult "Black resigns"]
[WhiteElo "1647"]
[BlackElo "2120"]
[Opening "Vienna: `Frankenstein-Dracula' variation"]
[ECO "C27"]
[NIC "VG.02"]
[Time "22:05:21"]
[TimeControl "120+12"]

1. e4 e5 2. Nc3 Nf6 3. Bc4 Nxe4 4. Qh5 Nd6 5. Bb3 Nc6 6. Nb5 g6 7. Qf3 f5 8.
Qd5 Qe7 9. Nxc7+ Kd8 10. Nxa8 b6 11. Ba4 Bb7 12. Nxb6 axb6 13. Qb3 Kc7 14.
Ne2 Bg7 15. Nc3 Nd4 16. Nd5+ Bxd5 17. Qxd5 b5 18. Bb3 Qg5 19. Qc5+ Nc6 20.
O-O e4 21. d3 Bd4 22. Qxd6+ {Black resigns} 1-0

[Event "GambitGuide"]
[Site "Internet Chess Club"]
[Date "2014.10.30"]
[Round "1"]
[White "JSBach"]
[Black "MrZippy"]
[Result "0-1"]
[ICCResult "White checkmated"]
[WhiteElo "1647"]
[BlackElo "1506"]
[Opening "Vienna: `Frankenstein-Dracula' variation"]
[ECO "C27"]
[NIC "VG.02"]
[Time "21:59:44"]
[TimeControl "120+12"]

1. e4 e5 2. Nc3 Nf6 3. Bc4 Nxe4 4. Qh5 Nd6 5. Bb3 Nc6 6. Nb5 g6 7. Qf3 f5 8.
Qd5 Qe7 9. Nxc7+ Kd8 10. Nxa8 b6 11. Ba4 b5 12. Bxb5 Nxb5 13. Qxb5 Qc5 14.
Qxc5 Bxc5 15. d3 Nd4 16. Bg5+ Be7 17. Bxe7+ Kxe7 18. Kf1 Kd6 19. c3 Ne6 20.
f4 Nxf4 21. c4 Bb7 22. c5+ Ke6 23. Nc7+ Kf6 24. Nf3 Rc8 25. Nb5 Rxc5 26.
Nxa7 Rc2 27. b3 Rxg2 28. Nh4 Rd2 29. Rg1 Nxd3 30. Rg3 f4 31. Rh3 g5 32. Rxd3
Rxd3 33. Ng2 e4 34. Ne1 Rd2 35. h3 f3 36. a4 e3 37. b4 Rf2+ 38. Kg1 h5 39.
b5 g4 40. Rd1 Ke6 41. Nd3 Rg2+ 42. Kh1 e2 43. Rc1 Kf5 44. Rc5+ d5 45. Rc7 f2
46. Rf7+ Kg6 47. Kxg2 e1=Q 48. Nxe1 fxe1=Q 49. Rxb7 Qe2+ 50. Kg3 Qf3+ 51.
Kh2 Qxh3+ 52. Kg1 g3 53. Rb6+ Kf5 54. Rf6+ Kxf6 55. a5 Qh2+ 56. Kf1 Qf2#
{White checkmated}
0-1

[Event "GambitGuide"]
[Site "Internet Chess Club"]
[Date "2014.10.30"]
[Round "1"]
[White "JSBach"]
[Black "nightyknight"]
[Result "1-0"]
[ICCResult "Black checkmated"]
[WhiteElo "1647"]
[BlackElo "1189"]
[Opening "Vienna: `Frankenstein-Dracula' variation"]
[ECO "C27"]
[NIC "VG.02"]
[Time "22:00:23"]
[TimeControl "120+12"]

1. e4 e5 2. Nc3 Nf6 3. Bc4 Nxe4 4. Qh5 Nd6 5. Bb3 Nc6 6. Nb5 g6 7. Qf3 f5 8.
Qd5 Qe7 9. Nxc7+ Kd8 10. Nxa8 b6 11. Ba4 Qh4 12. Bxc6 dxc6 13. Qxe5 Qe4+ 14.
Qxe4 Nxe4 15. d3 Nxf2 16. Kxf2 Bc5+ 17. Kg3 Bb7 18. Bg5+ Kd7 19. Nxb6+ axb6
20. Re1 Ra8 21. a3 Rf8 22. Nf3 Bd6+ 23. Ne5+ Kc7 24. Bf4 g5 25. Bxg5 Rg8 26.
Kf4 Re8 27. Kxf5 Bc8+ 28. Kf4 c5 29. Bf6 Rf8 30. Kg5 h6+ 31. Kg6 Rg8+ 32.
Kxh6 Bf8+ 33. Kh7 Be6 34. g4 Kd6 35. b4 Kd5 36. Nc4 Bf7 37. b5 Rg6 38. Re5+
Kd4 39. Re4+ Kd5 40. Nxb6+ Kd6 41. Be5+ Ke7 42. Bc7+ Re6 43. Rxe6+ Bxe6 44.
g5 Bf5+ 45. g6 Kf6 46. Nd5+ Kg5 47. h4+ Kh5 48. Nf6# {Black checkmated} 1-0

[Event "GambitGuide"]
[Site "Internet Chess Club"]
[Date "2014.10.30"]
[Round "1"]
[White "JSBach"]
[Black "Arjuna"]
[Result "1-0"]
[ICCResult "Black resigns"]
[WhiteElo "1647"]
[BlackElo "1508"]
[Opening "Vienna: `Frankenstein-Dracula' variation"]
[ECO "C27"]
[NIC "VG.02"]
[Time "22:04:46"]
[TimeControl "120+12"]

1. e4 e5 2. Nc3 Nf6 3. Bc4 Nxe4 4. Qh5 Nd6 5. Bb3 Nc6 6. Nb5 g6 7. Qf3 f5 8.
Qd5 Qe7 9. Nxc7+ Kd8 10. Nxa8 b6 11. Ba4 Bb7 12. Nxb6 axb6 13. Qb3 Nc8 14.
Nf3 Bg7 15. O-O Qb4 16. Re1 Qxb3 17. Bxb3 d6 18. d3 Kc7 19. Ba4 Re8 20. d4
e4 21. d5 Re5 22. dxc6 Bxc6 23. Bxc6 Kxc6 24. Nxe5+ Bxe5 25. c3 d5 26. Be3
Nd6 27. h3 Nc4 28. Rab1 f4 29. Bc1 g5 30. a3 b5 31. Kf1 Kc5 32. Ke2 Bf6 33.
Rd1 Ne5 34. Kf1 Nd3 35. Bd2 Kb6 36. Be1 d4 37. cxd4 Bxd4 38. f3 {Black
resigns} 1-0

[Event "GambitGuide"]
[Site "Internet Chess Club"]
[Date "2014.10.30"]
[Round "1"]
[White "JSBach"]
[Black "losscause"]
[Result "1-0"]
[ICCResult "Black resigns"]
[WhiteElo "1647"]
[BlackElo "1290"]
[Opening "Vienna: `Frankenstein-Dracula' variation"]
[ECO "C27"]
[NIC "VG.02"]
[Time "22:06:42"]
[TimeControl "120+12"]

1. e4 e5 2. Nc3 Nf6 3. Bc4 Nxe4 4. Qh5 Nd6 5. Bb3 Nc6 6. Nb5 g6 7. Qf3 f5 8.
Qd5 Qe7 9. Nxc7+ Kd8 10. Nxa8 b6 11. Ba4 Ba6 12. Bxc6 dxc6 13. Qb3 Qb7 14.
Qe6 Be7 15. Nxb6 axb6 16. Qxe5 Re8 17. Ne2 Bg5 18. Qxd6+ Qd7 19. Qb8+ Ke7
20. Qxb6 {Black resigns} 1-0

[Event "GambitGuide"]
[Site "Internet Chess Club"]
[Date "2014.10.30"]
[Round "1"]
[White "JSBach"]
[Black "nowornever"]
[Result "0-1"]
[ICCResult "White checkmated"]
[WhiteElo "1647"]
[BlackElo "2056"]
[Opening "Vienna: `Frankenstein-Dracula' variation"]
[ECO "C27"]
[NIC "VG.02"]
[Time "22:06:01"]
[TimeControl "120+12"]

1. e4 e5 2. Nc3 Nf6 3. Bc4 Nxe4 4. Qh5 Nd6 5. Bb3 Nc6 6. Nb5 g6 7. Qf3 f5 8.
Qd5 Qe7 9. Nxc7+ Kd8 10. Nxa8 b6 11. Ba4 Bb7 12. Nxb6 axb6 13. Qb3 Kc7 14.
Ne2 Bg7 15. Nc3 Nd4 16. Nd5+ Bxd5 17. Qxd5 b5 18. Bb3 Qg5 19. Qc5+ Kd8 20.
Qxd6 Qxg2 21. Qb6+ Ke7 22. Qc5+ d6 23. Qc7+ Kf6 24. Qxd6+ Kg5 25. d3+ Kg4
26. Rf1 Nf3+ 27. Ke2 Nd4+ 28. Kd2 Qxf1 29. h3+ Kxh3 30. Qc7 b4 31. Qxe5 Bxe5
32. Ke3 Qe2# {White checkmated} 0-1

[Event "GambitGuide"]
[Site "Internet Chess Club"]
[Date "2014.10.30"]
[Round "1"]
[White "JSBach"]
[Black "FiveCardDraw"]
[Result "1-0"]
[ICCResult "Black resigns"]
[WhiteElo "1647"]
[BlackElo "1535"]
[Opening "Vienna: `Frankenstein-Dracula' variation"]
[ECO "C27"]
[NIC "VG.02"]
[Time "22:03:26"]
[TimeControl "120+12"]

1. e4 e5 2. Nc3 Nf6 3. Bc4 Nxe4 4. Qh5 Nd6 5. Bb3 Nc6 6. Nb5 g6 7. Qf3 f5 8.
Qd5 Qe7 9. Nxc7+ Kd8 10. Nxa8 b6 11. Ba4 Bb7 12. Nxb6 axb6 13. Qb3 Kc7 14.
Ne2 Nd4 15. Nxd4 exd4+ 16. Kf1 Qe4 17. f3 Qd5 18. Qxd5 Bxd5 19. Ke1 Bg7 20.
Kd1 Nc4 21. b3 Nd6 22. Re1 b5 23. Bxb5 Nxb5 24. Bb2 Kd8 25. a4 Nd6 26. a5
Re8 27. Rxe8+ Nxe8 28. a6 Nc7 29. b4 Bc6 30. a7 Kc8 31. Ra5 Kb7 32. c3 dxc3
33. Bxc3 Bxc3 34. dxc3 Bb5 35. a8=Q+ Nxa8 36. Rxb5+ Kc6 37. Re5 Kd6 38. f4
Nb6 39. Ra5 Nd5 40. Ra6+ Ke7 41. Kd2 Nxf4 42. g3 Nd5 43. b5 Kd8 44. c4 Nc7
45. Ra7 Kc8 46. b6 Ne6 47. Ke3 Kb8 48. Rxd7 Nc5 49. Rxh7 {Black resigns} 1-0

[Event "GambitGuide"]
[Site "Internet Chess Club"]
[Date "2014.10.30"]
[Round "1"]
[White "JSBach"]
[Black "Tate"]
[Result "1-0"]
[ICCResult "Black resigns"]
[WhiteElo "1647"]
[BlackElo "2058"]
[Opening "Vienna: `Frankenstein-Dracula' variation"]
[ECO "C27"]
[NIC "VG.02"]
[Time "22:05:30"]
[TimeControl "120+12"]

1. e4 e5 2. Nc3 Nf6 3. Bc4 Nxe4 4. Qh5 Nd6 5. Bb3 Nc6 6. Nb5 g6 7. Qf3 f5 8.
Qd5 Qe7 9. Nxc7+ Kd8 10. Nxa8 b6 11. Ba4 Bb7 12. Nxb6 axb6 13. Qb3 Kc7 14.
Ne2 f4 15. Nc3 Nd4 16. Nd5+ Bxd5 17. Qxd5 b5 18. Bb3 f3 19. gxf3 Qf6 20.
Qc5+ Kd8 21. Bd5 Nc4 22. Qa7 Nxf3+ 23. Kd1 Bd6 24. d3 Nd4 25. dxc4 Qxf2 26.
Bg5+ {Black resigns} 1-0

[Event "GambitGuide"]
[Site "Internet Chess Club"]
[Date "2014.10.30"]
[Round "1"]
[White "JSBach"]
[Black "nightyknight"]
[Result "1-0"]
[ICCResult "Black resigns"]
[WhiteElo "1647"]
[BlackElo "1189"]
[Opening "Vienna: `Frankenstein-Dracula' variation"]
[ECO "C27"]
[NIC "VG.02"]
[Time "22:07:18"]
[TimeControl "120+12"]

1. e4 e5 2. Nc3 Nf6 3. Bc4 Nxe4 4. Qh5 Nd6 5. Bb3 Nc6 6. Nb5 g6 7. Qf3 f5 8.
Qd5 Qe7 9. Nxc7+ Kd8 10. Nxa8 b6 11. Ba4 Bg7 12. Bxc6 dxc6 13. Qb3 Qb7 14.
Qb4 Ne4 15. f3 Ng5 16. Qd6+ Bd7 17. d4 e4 18. Bxg5+ {Black resigns} 1-0

[Event "GambitGuide"]
[Site "Internet Chess Club"]
[Date "2014.10.30"]
[Round "1"]
[White "JSBach"]
[Black "losscause"]
[Result "1-0"]
[ICCResult "Black resigns"]
[WhiteElo "1647"]
[BlackElo "1290"]
[Opening "Vienna: `Frankenstein-Dracula' variation"]
[ECO "C27"]
[NIC "VG.02"]
[Time "22:07:56"]
[TimeControl "120+12"]

1. e4 e5 2. Nc3 Nf6 3. Bc4 Nxe4 4. Qh5 Nd6 5. Bb3 Nc6 6. Nb5 g6 7. Qf3 f5 8.
Qd5 Qe7 9. Nxc7+ Kd8 10. Nxa8 b6 11. Ba4 Ba6 12. Bxc6 dxc6 13. Qb3 Qb7 14.
Qe6 Qe7 15. Qb3 Qb7 16. Qe6 Qe7 17. Qb3 Qf7 18. Nxb6 Qxb3 19. axb3
{Black resigns}
1-0

[Event "GambitGuide"]
[Site "Internet Chess Club"]
[Date "2014.10.30"]
[Round "1"]
[White "JSBach"]
[Black "AceKings"]
[Result "0-1"]
[ICCResult "White checkmated"]
[WhiteElo "1647"]
[BlackElo "1553"]
[Opening "Vienna: `Frankenstein-Dracula' variation"]
[ECO "C27"]
[NIC "VG.02"]
[Time "22:06:27"]
[TimeControl "120+12"]

1. e4 e5 2. Nc3 Nf6 3. Bc4 Nxe4 4. Qh5 Nd6 5. Bb3 Nc6 6. Nb5 g6 7. Qf3 f5 8.
Qd5 Qe7 9. Nxc7+ Kd8 10. Nxa8 b6 11. Ba4 Bb7 12. Nxb6 axb6 13. Qb3 Kc7 14.
Ne2 Nd4 15. Nxd4 exd4+ 16. Kf1 Qe4 17. f3 Qe5 18. Qb4 Ba6+ 19. d3 Nc4 20.
Qb3 Ne3+ 21. Bxe3 dxe3 22. c4 e2+ 23. Ke1 Bc5 24. Rb1 Re8 25. Bxd7 Kxd7 26.
f4 Qxf4 27. d4 Bxd4 28. Qg3 Qe4 29. Rc1 Bxb2 30. Qb3 Bxc1 31. Qa4+ Kc7 32.
Qxa6 Bd2+ 33. Kxd2 e1=Q+ 34. Rxe1 Qxe1+ 35. Kc2 Qe2+ 36. Kc3 Qe3+ 37. Kb4
Qd2+ 38. Kb3 Re3+ 39. Ka4 Qxa2+ 40. Kb5 Rb3# {White checkmated} 0-1

[Event "GambitGuide"]
[Site "Internet Chess Club"]
[Date "2014.10.30"]
[Round "1"]
[White "JSBach"]
[Black "GSartoris"]
[Result "1-0"]
[ICCResult "Black resigns"]
[WhiteElo "1647"]
[BlackElo "1486"]
[Opening "Vienna: `Frankenstein-Dracula' variation"]
[ECO "C27"]
[NIC "VG.02"]
[Time "22:06:20"]
[TimeControl "120+12"]

1. e4 e5 2. Nc3 Nf6 3. Bc4 Nxe4 4. Qh5 Nd6 5. Bb3 Nc6 6. Nb5 g6 7. Qf3 f5 8.
Qd5 Qe7 9. Nxc7+ Kd8 10. Nxa8 b6 11. Ba4 Nd4 12. f4 Bb7 13. Qxe5 Qxe5+ 14.
fxe5 Ne4 15. c3 Ne6 16. d3 N4c5 17. Bb5 Bxa8 18. Nf3 Bc6 19. Bc4 b5 20. Ng5
bxc4 21. Nf7+ Kc7 22. Nxh8 Nxd3+ 23. Kf1 Bg7 24. Nf7 h6 25. Nd6 Bxe5 26.
Nxc4 Bf6 27. Bxh6 g5 28. Rb1 Nef4 29. Rg1 d5 30. Ne3 d4 31. Nxf5 dxc3 32.
bxc3 Be4 33. Nd4 Nd5 34. Ne6+ Kd6 35. Nxg5 Nxc3 36. Nxe4+ Nxe4 37. Ke2 Ndc5
38. Bf4+ Ke6 39. Rge1 Kf5 40. Kf3 Ng5+ 41. Bxg5 Bxg5 42. Rb5 {Black resigns}
1-0

[Event "GambitGuide"]
[Site "Internet Chess Club"]
[Date "2014.10.30"]
[Round "1"]
[White "JSBach"]
[Black "hbell"]
[Result "1-0"]
[ICCResult "Black resigns"]
[WhiteElo "1647"]
[BlackElo "1605"]
[Opening "Vienna: `Frankenstein-Dracula' variation"]
[ECO "C27"]
[NIC "VG.02"]
[Time "22:08:03"]
[TimeControl "120+12"]

1. e4 e5 2. Nc3 Nf6 3. Bc4 Nxe4 4. Qh5 Nd6 5. Bb3 Nc6 6. Nb5 g6 7. Qf3 f5 8.
Qd5 Qe7 9. Nxc7+ Kd8 10. Nxa8 b6 11. Ba4 Qe6 12. Qxe6 dxe6 13. Bxc6 Bh6 14.
d3 Bxc1 15. Rxc1 Ba6 16. f3 Ke7 17. Nc7 Rc8 18. Nxa6 Rxc6 19. Kd2
{Black resigns}
1-0

[Event "GambitGuide"]
[Site "Internet Chess Club"]
[Date "2014.10.30"]
[Round "1"]
[White "JSBach"]
[Black "nightyknight"]
[Result "1-0"]
[ICCResult "Black resigns"]
[WhiteElo "1647"]
[BlackElo "1189"]
[Opening "Vienna: `Frankenstein-Dracula' variation"]
[ECO "C27"]
[NIC "VG.02"]
[Time "22:08:29"]
[TimeControl "120+12"]

1. e4 e5 2. Nc3 Nf6 3. Bc4 Nxe4 4. Qh5 Nd6 5. Bb3 Nc6 6. Nb5 g6 7. Qf3 f5 8.
Qd5 Qe7 9. Nxc7+ Kd8 10. Nxa8 b6 11. Ba4 b5 12. Bxb5 Nxb5 13. Qxb5 a6 14.
Qb6+ Ke8 15. Nc7+ Kf7 16. Nxa6 d5 17. Qxc6 Bd7 18. Qxd5+ Be6 19. Qxe5 Bg7
20. Qc5 Rd8 21. Qxe7+ Kxe7 22. Nc7 {Black resigns} 1-0

[Event "GambitGuide"]
[Site "Internet Chess Club"]
[Date "2014.10.30"]
[Round "1"]
[White "JSBach"]
[Black "losscause"]
[Result "1-0"]
[ICCResult "Black resigns"]
[WhiteElo "1647"]
[BlackElo "1290"]
[Opening "Vienna: `Frankenstein-Dracula' variation"]
[ECO "C27"]
[NIC "VG.02"]
[Time "22:09:17"]
[TimeControl "120+12"]

1. e4 e5 2. Nc3 Nf6 3. Bc4 Nxe4 4. Qh5 Nd6 5. Bb3 Nc6 6. Nb5 g6 7. Qf3 f5 8.
Qd5 Qe7 9. Nxc7+ Kd8 10. Nxa8 b6 11. Ba4 Ba6 12. Bxc6 dxc6 13. Qb3 Nb5 14.
Qf3 e4 15. Qf4 Qd6 16. Qxd6+ Bxd6 17. a4 Nd4 18. Kd1 Be2+ 19. Nxe2 Nxe2 20.
Kxe2 {Black resigns} 1-0

[Event "GambitGuide"]
[Site "Internet Chess Club"]
[Date "2014.10.30"]
[Round "1"]
[White "JSBach"]
[Black "losscause"]
[Result "1-0"]
[ICCResult "Black resigns"]
[WhiteElo "1647"]
[BlackElo "1290"]
[Opening "Vienna: `Frankenstein-Dracula' variation"]
[ECO "C27"]
[NIC "VG.02"]
[Time "22:09:56"]
[TimeControl "120+12"]

1. e4 e5 2. Nc3 Nf6 3. Bc4 Nxe4 4. Qh5 Nd6 5. Bb3 Nc6 6. Nb5 g6 7. Qf3 f5 8.
Qd5 Qe7 9. Nxc7+ Kd8 10. Nxa8 b6 11. Ba4 Ba6 12. Bxc6 dxc6 13. Qb3 Nb5 14.
Nf3 Qc5 15. Qe6 Qd6 16. Qxe5 Qxe5+ 17. Nxe5 Ke7 18. Nxc6+ {Black resigns}
1-0